 Dungeon Crawl Stone Soup version 0.26-a0-712-ga5a9c9c9d0 (webtiles) character file.

Game seed: 1728211875034047980

9604 graki42 the Thaumaturge (level 11, 0/54 HPs)
             Began as a Deep Elf Conjurer on Nov 8, 2020.
             Was a Priest of Vehumet.
             Slain by a yak (8 damage)
             ... on level 11 of the Dungeon.
             The game lasted 00:37:49 (12078 turns).

graki42 the Thaumaturge (Deep Elf Conjurer)        Turns: 12078, Time: 00:37:50

Health: 0/54       AC:  9    Str:  7    XL:     11   Next: 25%
Magic:  24/31      EV: 13    Int: 24    God:    Vehumet [***...]
Gold:   800        SH:  0    Dex: 13    Spells: 28/39 levels left

rFire    + . .     SeeInvis .   G - staff of earth
rCold    . . .     Faith    .   (no shield)
rNeg     + . .     Spirit   .   w - +1 robe {rN+}
rPois    .         Reflect  .   h - +0 helmet
rElec    .         Harm     .   (no cloak)
rCorr    .         Rampage  .   i - +1 pair of gloves
MR       +....                  A - +2 pair of boots {Stlth+}
Stlth    +++.......             D - amulet of inaccuracy (curse)
HPRegen  0.18/turn              J - ring of flight (curse)
MPRegen  0.22/turn              y - ring of protection from fire

@: no status effects
A: no striking features
a: Renounce Religion, Evoke Flight


You were on level 11 of the Dungeon.
You worshipped Vehumet.
Vehumet was most pleased with you.
You visited 2 branches of the dungeon, and saw 12 of its levels.
You also visited: Sewer.

You collected 800 gold pieces.

Inventory:

Armour
 h - a +0 helmet (worn)
 i - a +1 pair of gloves (worn)
 r - a scarf of invisibility
 w - a +1 robe of positive energy (worn)
 A - a +2 pair of boots of stealth (worn)
 I - a +1 cloak
Magical Staves
 G - an uncursed staff of earth (weapon)
Jewellery
 j - a +4 ring of slaying
 u - a +4 ring of protection
 y - a ring of protection from fire (right hand)
 z - an uncursed ring of stealth
 D - a cursed amulet of inaccuracy (around neck)
 J - a cursed ring of flight (left hand)
Wands
 t - a wand of polymorph (8)
 C - a wand of disintegration (13)
 F - a wand of digging (10)
 H - a wand of flame (39)
 K - a wand of paralysis (6)
Scrolls
 e - 2 scrolls of immolation
 k - a scroll of fear
 l - 4 scrolls of magic mapping
 o - 7 scrolls of teleportation
 p - 2 scrolls of blinking
 q - 7 scrolls of remove curse
 v - 2 scrolls of random uselessness
 x - 2 scrolls of enchant weapon
 B - 2 scrolls of identify
 E - a scroll of amnesia
Potions
 a - a potion of berserk rage
 b - 2 potions of haste {unknown}
 c - 4 potions of flight
 d - 5 potions of stabbing
 f - 5 potions of curing
 g - a potion of magic {unknown}
 m - 2 potions of ambrosia
 n - 2 potions of heal wounds
 s - a potion of mutation


   Skills:
 - Level 3.0 Dodging
 - Level 3.2 Stealth
 + Level 14.6 Spellcasting
 + Level 13.3 Conjurations
 - Level 5.0 Hexes
 - Level 4.0 Translocations


You had 28 spell levels left.
You knew the following spells:

 Your Spells              Type           Power        Failure   Level
a - Magic Dart            Conj           ####         0%          1
b - Searing Ray           Conj           ######       0%          2
c - Fulminant Prism       Conj/Hex       ######....   1%          4
d - Iskenderun's Mystic   Conj/Tloc      ######..     1%          4

Your spell library contained the following spells:

 Spells                   Type           Power        Failure   Level
 Ignite Poison            Fire/Tmut/Pois ###.....     2%          3
 Apportation              Tloc           #####.       1%          1
 Corona                   Hex            #####..      1%          1
 Dazzling Flash           Conj/Hex       ######       1%          3
 Animate Skeleton         Necr           ###...       3%          1
 Summon Small Mammal      Summ           ###.         3%          1


Dungeon Overview and Level Annotations

Branches:
Dungeon (11/15)            Temple (1/1) D:5           Sewer (visited)
   Lair: D:8-11         Orc: D:9-12

Altars:
Ashenzari
Cheibriados
Dithmenos
Elyvilon
Fedhas
Gozag
Kikubaaqudgha
Makhleb
Nemelex Xobeh
Okawaru
Qazlal
Ru
Sif Muna
Trog
Uskayaw
Vehumet
Wu Jian
Xom
Yredelemnul
Zin
The Shining One

Shops:
D:5 =   D:10 =!

Portals:
Trove: D:10 (give 6 scrolls of fear)

Annotations:
D:9 3 runed translucent doors, Azzok's ghost, novice DsBe; Bliebski's ghost, novice OpTm; zikan's ghost, journeyman GnFi


Message History

Vehumet accepts your kill.
You feel your power returning.
The searing ray hits the yak!
The yak is moderately wounded.
The searing ray hits the yak!
The yak is moderately wounded. (Press . to maintain the ray.)
The searing ray hits the yak.
The yak is heavily wounded.
The searing ray hits the yak!
The yak is heavily wounded.
The yak gores you!
The searing ray hits the yak!
The yak is severely wounded.
The searing ray misses the yak.
The yak gores you but does no damage.
The searing ray hits the yak!
The yak is severely wounded.
You finish channeling your searing ray.
The yak gores you!
* * * LOW HITPOINT WARNING * * *
The yak gores you!
You die...

#..#(## #.... ## #. ..
##.## . . #....# .## .. #..
#.####... ###
.######YY..)....... #
.......@..?........ #
...###.............##
##..####........#
###....##...# ....#
.#####...#.......# #..####
........###.......## #..##.
........###....##...##.....
.#............## #.....####
##..###......# ##....#


You could see 2 yaks.

Vanquished Creatures
  A two-headed ogre (D:10)
  Pikel (D:7)
  A deep elf mage (D:8)
  2 rust devils (D:9)
  Maurice (D:10)
  A centaur zombie (D:10)
  A troll (D:10)
  A wyvern (D:9)
  13 yaks
  4 water moccasins
  3 orc warriors
  A sky beast (D:9)
  An ice beast (D:10)
  A necrophage (D:11)
  3 ogres
  2 lemures (D:7)
  2 centaurs (D:6)
  A big kobold (Sewer)
  7 bullfrogs
  A water moccasin zombie (D:10)
  A wyvern skeleton (D:11)
  6 scorpions
  25 wights
  A howler monkey (D:4)
  2 electric eels
  A crimson imp (D:8)
  4 hounds
  2 bullfrog skeletons
  4 orc priests
  3 centaur skeletons
  An iguana (D:6)
  4 jellies
  2 orc wizards
  6 worker ants
  2 hound skeletons
  A howler monkey zombie (D:6)
  7 gnolls
  A river rat (Sewer)
  9 adders
  3 shadow imps
  2 white imps
  An ufetubus (D:10)
  An ooze (D:2)
  An adder skeleton (D:7)
  2 worms
  4 leopard geckos
  15 orcs
  8 giant cockroaches
  2 gnoll zombies (D:5)
  5 goblins
  6 hobgoblins
  9 jackals
  8 quokkas
  8 bats
  4 frilled lizards
  A jackal zombie (D:5)
  10 kobolds
  A quokka skeleton (D:6)
  9 rats
  A fulminant prism (D:9)
231 creatures vanquished.

Vanquished Creatures (others)
  17 fulminant prisms
  2 plants (D:10)
19 creatures vanquished.

Grand Total: 250 creatures vanquished

Notes
Turn   | Place    | Note
-------+----------+-------------------------------------------
     0 | D:1      | graki42 the Deep Elf Conjurer began the quest for the Orb.
     0 | D:1      | Reached XP level 1. HP: 10/10 MP: 6/6
    26 | D:1      | Noticed a lindwurm
    26 | D:1      | Noticed a black bear
    26 | D:1      | Noticed a water moccasin
    26 | D:1      | Noticed a worker ant
    26 | D:1      | Noticed a hog
    94 | D:1      | You fall into a shaft and drop 1 floor!
   384 | D:1      | Reached XP level 2. HP: 15/15 MP: 6/8
   388 | D:1      | Learned a level 2 spell: Searing Ray
   506 | D:1      | Reached skill level 5 in Conjurations
  1093 | D:2      | Reached XP level 3. HP: 19/19 MP: 7/9
  1434 | D:2      | Found a sparkling altar of Nemelex Xobeh.
  1435 | D:2      | Found a snail-covered altar of Cheibriados.
  1846 | D:3      | Reached XP level 4. HP: 24/24 MP: 7/11
  1905 | D:3      | Reached skill level 4 in Spellcasting
  2264 | D:3      | Reached XP level 5. HP: 28/28 MP: 6/13
  2597 | D:3      | Found a glowing silver altar of Zin.
  3199 | D:4      | Reached skill level 5 in Spellcasting
  3205 | D:4      | Learned a level 4 spell: Fulminant Prism
  3210 | D:4      | Learned a level 4 spell: Iskenderun's Mystic Blast
  3406 | D:4      | Reached XP level 6. HP: 32/32 MP: 12/16
  3450 | D:4      | Found a white marble altar of Elyvilon.
  3451 | D:4      | Found a sacrificial altar of Ru.
  3451 | D:4      | Found a blossoming altar of Fedhas.
  3457 | D:4      | Reached skill level 1 in Hexes
  3542 | D:4      | Reached skill level 1 in Translocations
  3707 | D:4      | Found an ornate altar of the Wu Jian Council.
  3762 | D:5      | Entered Level 5 of the Dungeon
  4371 | D:5      | Found a staircase to the Ecumenical Temple.
  4377 | Temple   | Entered the Ecumenical Temple
  4438 | Temple   | Became a worshipper of Vehumet
  4949 | D:5      | Reached skill level 6 in Spellcasting
  4949 | D:5      | Reached XP level 7. HP: 36/36 MP: 12/18
  5042 | D:5      | Found a basalt altar of Yredelemnul.
  5062 | D:5      | Found Qesiot's Jewellery Boutique.
  5233 | D:6      | Found a glowing drain.
  5249 | Sewer    | Entered a sewer
  5474 | Sewer    | Found a glowing silver altar of Zin.
  5767 | D:6      | Reached skill level 7 in Spellcasting
  5768 | D:6      | Reached XP level 8. HP: 41/41 MP: 12/20
  5935 | D:6      | Reached skill level 5 in Hexes
  5944 | D:6      | Reached * piety under Vehumet
  5944 | D:6      | Offered knowledge of Sandblast by Vehumet.
  6197 | D:6      | Reached skill level 8 in Spellcasting
  6620 | D:7      | Got a crystal spear
  6621 | D:7      | Identified the cursed +0 spear "Vexzigg" {vorpal, +Rage rF+
                  | Str-5 Dex+6} (You found it on level 7 of the Dungeon)
  6828 | D:7      | Noticed Pikel
  6836 | D:7      | Killed Pikel
  6836 | D:7      | Reached skill level 9 in Spellcasting
  6836 | D:7      | Reached XP level 9. HP: 45/45 MP: 12/24
  6953 | D:7      | Found a hide-covered altar of Uskayaw.
  7194 | D:7      | Reached skill level 10 in Spellcasting
  7507 | D:8      | Noticed a deep elf mage
  7516 | D:8      | Killed a deep elf mage
  7516 | D:8      | Reached skill level 10 in Conjurations
  7721 | D:8      | Reached skill level 11 in Spellcasting
  7855 | D:8      | Found a burning altar of Makhleb.
  8366 | D:8      | Found a shimmering altar of Xom.
  8370 | D:8      | Found a burning altar of Makhleb.
  9025 | D:9      | Offered knowledge of Shock by Vehumet.
  9190 | D:9      | Reached ** piety under Vehumet
  9367 | D:9      | Found a runed translucent gate.
  9367 | D:9      | Found a runed translucent gate.
  9367 | D:9      | Found a runed translucent gate.
  9367 | D:9      | Noticed Azzok's ghost (novice DsBe)
  9399 | D:9      | Noticed Bliebski's ghost (novice OpTm)
  9399 | D:9      | Noticed zikan's ghost (journeyman GnFi)
  9549 | D:9      | Reached XP level 10. HP: 50/50 MP: 24/27
  9605 | D:9      | Reached skill level 12 in Spellcasting
  9723 | D:9      | Found a broken altar of Ashenzari.
  9908 | D:10     | Entered Level 10 of the Dungeon
 10110 | D:10     | Noticed a two-headed ogre
 10121 | D:10     | Killed a two-headed ogre
 10455 | D:9      | Noticed a rust devil
 10455 | D:9      | Noticed a rust devil
 10461 | D:9      | Killed a rust devil
 10461 | D:9      | Reached skill level 13 in Spellcasting
 10463 | D:9      | Killed a rust devil
 10568 | D:10     | Found a portal to a secret trove of treasure.
 10586 | D:10     | Found Caonga's Distillery.
 10770 | D:10     | Offered knowledge of Frozen Ramparts by Vehumet.
 10844 | D:10     | Noticed Maurice
 10857 | D:10     | Killed Maurice
 10925 | D:10     | Reached *** piety under Vehumet
 10925 | D:10     | Reached skill level 14 in Spellcasting
 11001 | D:10     | HP: 2/50 [orc wizard/magic dart (7)]
 11011 | D:10     | Reached XP level 11. HP: 3/54 MP: 19/31
 11028 | D:10     | Found a shadowy altar of Dithmenos.
 11645 | D:10     | Found Igiad's Jewellery Shoppe.
 11663 | D:10     | Offered knowledge of Ignite Poison by Vehumet.
 12078 | D:11     | Slain by a yak

Illustrated notes

Levels and vault maps discovered:
D:1:      onia_arrival_zoo_common, layout_basic
D:2:      layout_loops_corners, grunt_temple_overflow_open
D:3:      layout_loops_corners, zin_scriptorium
D:4:      layout_cave_pools, nicolae_overflow_crystal_walls,
          lemuel_crystal_altar, chequers_temple_overflow_statue_of_worship,
          glass_columns_a, minmay_puff
D:5:      layout_basic, lemuel_zombie_altar_yredelemnul,
          nicolae_overflow_hidden_temple, temple_green, serial_shops,
          kennysheep_mini
D:6:      layout_loops_ring, portal_sewer_entry_e
D:7:      layout_basic, kennysheep_mini_moat, uniq_pikel
D:8:      layout_layer_cave, grunt_temple_overflow_champion_of_chaos,
          basic_altar
D:9:      cheibrodos_iron_armory, layout_long_grid, kennysheep_little_box,
          gammafunk_ghost_cemetery, minivault_4
D:10:     layout_big_octagon, serial_shops, shop, shop,
          nicolae_trove_entry_crystal, minmay_misc_feat_pillars,
          serial_bayou_pond_b, grunt_dithmenos_shadows, uniq_maurice
D:11:     layout_layer_cave, lair_entry_dummy, orc_0_dummy,
          kennysheep_generic_room_13
Temple:   dpeg_three_leaves_temple

Skill      XL: |  1  2  3  4  5  6  7  8  9 10 11 |
---------------+----------------------------------+-----
Conjurations   | 5 6 7 9 11 12 13 | 13.3
Spellcasting   | 4 5 6 7 9 11 14 | 14.6
Stealth        | 3 |  3.2
Dodging        | 3 |  3.0
Hexes          | 2 4 5 |  5.0
Translocations | 2 3 4 |  4.0

Action                   |  1- 3 |  4- 6 |  7- 9 | 10-12 || total
-------------------------+-------+-------+-------+-------++-------
 Cast: Magic Dart        |    49 |    54 |    48 |    27 ||   178
       Searing Ray       |     4 |    17 |    68 |    41 ||   130
       Fulminant Prism   |       |       |     2 |    16 ||    18
       Iskenderun's Myst |       |       |    10 |     3 ||    13
  Use: Scroll            |       |       |    16 |     3 ||    19
       Potion            |       |       |     1 |     1 ||     2
Armor: Robe              |       |     3 |    23 |    22 ||    48
Dodge: Dodged            |     1 |     4 |    42 |    30 ||    77

Table legend: (Time is in decaauts)
 A = Elapsed time spent in this place.
 B = Non-inter-level travel time spent in this place.
 C = Inter-level travel time spent in this place.
 D = Time resting spent in this place.
 E = Time spent auto-exploring this place.
 F = Levels seen in this place.
 G = Mean time per level.
                   A        B        C        D        E       F      G
               +--------+--------+--------+--------+--------+-----+--------+
         Total |  12110 |  11755 |    355 |   2102 |   8252 |  13 |  931.5 |
       Dungeon |  11706 |  11365 |    341 |   2008 |   8039 |  11 | 1064.2 |
        Temple |     80 |     66 |     14 |      0 |     57 |   1 |   80.0 |
         Sewer |    322 |    322 |      0 |     94 |    155 |   1 |  322.0 |
               +--------+--------+--------+--------+--------+-----+--------+

Top non-repeatable levels by time:
     D:9: 1586 daAuts
     D:8: 1427 daAuts
     D:5: 1318 daAuts
    D:10: 1260 daAuts
     D:3: 1181 daAuts
     D:6: 1159 daAuts
     D:2: 1034 daAuts
     D:7: 877 daAuts
     D:1: 775 daAuts
     D:4: 770 daAuts
   Sewer: 322 daAuts
    D:11: 314 daAuts
  Temple: 80 daAuts
